 Dungeon Crawl Stone Soup version 0.29.1-1-gd02db6906a (webtiles) character file.

Game seed: 7610630249987754827

361 Aibolit the Trooper (level 6, -8/56 HPs)
             Began as a Hill Orc Fighter on Oct 8, 2022.
             Mangled by an ogre
             ... wielding a +0 giant spiked club
              (12 damage)
             ... on level 4 of the Dungeon.
             The game lasted 00:02:51 (3175 turns).

Aibolit the Trooper (Hill Orc Fighter)              Turns: 3175, Time: 00:02:51

Health: -8/56      AC:  9    Str: 21    XL:     6   Next: 66%
Magic:  6/6        EV:  7    Int:  8    God:
Gold:   140        SH:  5    Dex: 16    Spells: 5/5 levels left

rFire   . . .      SeeInvis .   a - +0 war axe
rCold   . . .      Faith    .   c - +0 buckler
rNeg    . . .      Spirit   .   o - +0 chain mail
rPois   .          Reflect  .   (no helmet)
rElec   .          Harm     .   (no cloak)
rCorr   .          Rampage  .   (no gloves)
Will    .....                   (no boots)
Stlth   ..........              (no amulet)
HPRegen 0.18/turn               f - +6 ring of dexterity
MPRegen 0.10/turn               (no ring)

@: no status effects
A: no striking features
a: no special abilities


You were on level 4 of the Dungeon.
You visited 1 branch of the dungeon, and saw 4 of its levels.

You collected 140 gold pieces.

Inventory:

Hand Weapons
 a - a +0 war axe (weapon)
Armour
 c - a +0 buckler (worn)
 o - a +0 chain mail (worn)
Jewellery
 f - a +6 ring of dexterity (left hand)
Scrolls
 b - a scroll of amnesia {unknown}
 e - a scroll of identify
 h - a scroll of teleportation
 j - 2 scrolls of enchant weapon
 k - 2 scrolls of fear
 m - a scroll of noise {unknown}
 q - a scroll of blinking {unknown}
Potions
 d - 3 potions of curing {unknown}
 g - 4 potions of ambrosia {unknown}
 i - 2 potions of heal wounds {unknown}
 l - a potion of magic {unknown}
 n - a potion of resistance {unknown}
 p - a potion of haste {unknown}
 r - a potion of invisibility {unknown}


   Skills:
 + Level 5.3 Fighting
 + Level 5.1 Axes
 + Level 4.8 Armour
 + Level 4.8 Shields


You had 5 spell levels left.
You didn't know any spells.
Your spell library contained the following spells:

 Spells                   Type           Power      Damage    Failure   Level
 Ensorcelled Hibernation  Hex/Ice        0%         N/A       100%        2
 Passwall                 Tmut/Erth      0%         N/A       100%        2
 Sublimation of Blood     Necr           0%         N/A       100%        2
 Wereblood                Tmut           0%         N/A       100%        2
 Swiftness                Air            0%         N/A       100%        3
 Summon Hydra             Summ           0%         N/A       100%        7


Dungeon Overview and Level Annotations

Branches:
Dungeon (4/15)
 Temple: D:4-7

Altars:


Message History

Your Axes skill increases to level 5!
No target in view!
You feel sick.
You feel sick.
You feel sick.
You feel sick.
You feel sick.
You feel sick.
You feel sick.
You feel sick.
You are no longer poisoned.
An ogre comes into view. It is wielding a +0 giant spiked club.
An ogre is nearby!
An ogre is nearby!
The ogre shouts!
You see here a scorpion corpse.
You slash the ogre!
The ogre is moderately wounded.
The ogre hits you with a +0 giant spiked club!
You are too injured to fight recklessly!
You are too injured to fight recklessly!
You are too injured to fight recklessly!
You are too injured to fight recklessly!
You are too injured to fight recklessly!
You are too injured to fight recklessly!
You barely miss the ogre.
The ogre is moderately wounded.
The ogre hits you with a +0 giant spiked club!
* * * LOW HITPOINT WARNING * * *
You barely miss the ogre.
The ogre is moderately wounded.
The ogre barely misses you.
You hit the ogre.
The ogre is heavily wounded.
The ogre hits you with a +0 giant spiked club!
* * * LOW HITPOINT WARNING * * *
You hit the ogre.
The ogre is heavily wounded.
The ogre hits you with a +0 giant spiked club!
You die...

#.. .....##...#
..........### ............#
.....#<.....####
#..........###.###
#......?....#....#
.#.................#
........O@.†......##
#..................###
#..........>.........#
#..##..............#.# #.
#............)##.##
#.######......)...#...#
##.<## ##.........##..###
#....###..........##.....##
##....#...................#


You could see an ogre.

Vanquished Creatures
  Sigmund (D:2)
  A scorpion (D:4)
  A jelly (D:3)
  An orc wizard (D:3)
  3 adders
  A worm (D:3)
  2 dart slugs
  6 orcs
  3 ball pythons (D:2)
  5 bats
  3 endoplasms
  A giant cockroach (D:1)
  2 goblins
  3 hobgoblins
  2 jackals (D:3)
  3 quokkas
  2 frilled lizards
  4 kobolds
  3 rats
47 creatures vanquished.

Vanquished Creatures (others)
  A fungus (D:4)
  6 plants (D:2)
7 creatures vanquished.

Grand Total: 54 creatures vanquished

Notes
Turn   | Place    | Note
-------+----------+-------------------------------------------
     0 | D:1      | Aibolit the Hill Orc Fighter began the quest for the Orb.
     0 | D:1      | Reached XP level 1. HP: 19/19 MP: 1/1
   256 | D:1      | Reached XP level 2. HP: 23/27 MP: 2/2
   754 | D:2      | Reached XP level 3. HP: 33/33 MP: 3/3
  1050 | D:2      | Noticed Sigmund
  1060 | D:2      | Killed Sigmund
  1061 | D:2      | Reached XP level 4. HP: 21/41 MP: 4/4
  1061 | D:2      | Reached XP level 5. HP: 24/47 MP: 5/5
  1844 | D:3      | Reached skill level 5 in Fighting
  1851 | D:3      | Reached XP level 6. HP: 49/56 MP: 6/6
  3144 | D:4      | Reached skill level 5 in Axes
  3175 | D:4      | Mangled by an ogre

Illustrated notes

Levels and vault maps discovered:
D:1:      mushboom_english_gardens, layout_loops_ring
D:2:      wad_lake_hut, layout_loops_ring, uniq_sigmund
D:3:      layout_basic, minmay_quadrilaterals
D:4:      layout_cave_pools, minmay_door_square, dreamdust_gnoll_farm

Skill      XL: |  1  2  3  4  5  6 |
---------------+-------------------+-----
Axes           | 3 4 5 |  5.1
Fighting       | 4 5 |  5.3
Armour         | 4 |  4.8
Shields        | 4 |  4.8

Action                   |  1- 3 |  4- 6 || total
-------------------------+-------+-------++-------
Melee: War axe           |    28 |    99 ||   127
  Use: Scroll            |     1 |     2 ||     3
       Potion            |     1 |       ||     1
Armor: Scale mail        |    13 |    29 ||    42
       Chain mail        |       |    13 ||    13
Dodge: Dodged            |    11 |    42 ||    53
Block: Buckler           |     8 |    23 ||    31
